 Dungeon Sprint DCSS version 0.19.5 (webtiles) character file.

10807 Mesmaeker13 the Warrior (level 11, -8/217 HPs)
             Began as an Ogre Hunter on May 4, 2017.
             Was the Champion of Trog.
             Mangled by a 12-headed hydra (9 damage)
             ... in the Dungeon (Sprint I: "Red Sonja").
             The game lasted 00:10:59 (3516 turns).

Mesmaeker13 the Warrior (Ogre Hunter)               Turns: 3516, Time: 00:11:00

Health: -8/217     AC:  9    Str: 27    XL:     11   Next: 67%
Magic:  3/3        EV: 16    Int: 10    God:    Trog [******]
Gold:   637        SH:  0    Dex: 10    Spells: 0 memorised, 10 levels left

rFire  + . .     SeeInvis .     s - +6 giant spiked club (antimagic)
rCold  . . .     Gourm    .     a - +2 robe {MR+}
rNeg   + . .     Faith    .     (shield currently unavailable)
rPois  +         Spirit   .     y - +2 hat
rElec  .         Reflect  .     p - +1 cloak {rPois}
rCorr  .         Harm     .     (gloves unavailable)
MR     ++...     NoTele   +     (boots unavailable)
Stlth  ..........               x - amulet of regeneration
                                A - ring of protection from fire
                                r - ring of positive energy

@: berserking, very quick
A: unfitting armour, tough skin 1
a: Berserk, Trog's Hand, Brothers in Arms, Burn Spellbooks, Renounce Religion


You were in the Dungeon.
You worshipped Trog.
Trog was exalted by your worship.
You were near starving.

You visited 1 branch You collected 2490 gold pieces.
You spent 1853 gold pieces at shops.

Inventory:

Hand Weapons
 d - a +4 blowgun
 l - the +9 giant spiked club "Hellblazer" {freeze, *Corrode rElec Int+9 SInv}
   (Trog gifted it to you in the Dungeon)

   It has been specially enchanted to freeze those struck by it, causing extra
   injury to most foes and up to half again as much damage against particularly
   susceptible opponents.
   It can also slow down cold-blooded creatures.
   It affects your intelligence (+9).
   It insulates you from electricity.
   It lets you see invisible.
   It may corrode you when you take damage.
 s - a +6 antimagic giant spiked club (weapon)
Missiles
 c - 8 large rocks
 q - 6 curare-tipped needles
 t - 8 steel javelins
 u - 5 javelins of returning (quivered)
 v - 8 needles of confusion
Armour
 a - a +2 robe of magic resistance (worn)
 p - a +1 cloak of poison resistance (worn)
 y - a +2 hat (worn)
Jewellery
 r - a ring of positive energy (left hand)
 x - an amulet of regeneration (around neck)
 A - a ring of protection from fire (right hand)
Wands
 o - a wand of polymorph (10/24)
Scrolls
 f - 2 scrolls of remove curse {unknown}
 k - a scroll of blinking
 m - 2 scrolls of recharging {unknown}
 w - a scroll of fog {unknown}
Potions
 b - 3 potions of might
 e - 8 potions of curing
 g - 2 potions of heal wounds
 h - a potion of haste
 i - 2 potions of magic
 j - a potion of berserk rage
 n - a potion of resistance {unknown}
Comestibles
 z - a beef jerky
 B - a slice of pizza
 C - 2 meat rations


   Skills:
 + Level 19.5 Fighting
 + Level 18.6 Maces & Flails
 + Level 8.5 Throwing
 + Level 14.6 Dodging
 - Level 0.6 Stealth


You had 10 spell levels left.
You didn't know any spells.

Dungeon Overview and Level Annotations

Branches:
Dungeon (1/1)

Altars:
Cheibriados
Dithmenos
Elyvilon
Fedhas
Gozag
Hepliaklqana
Kikubaaqudgha
Makhleb
Nemelex Xobeh
Okawaru
Qazlal
Ru
Sif Muna
Trog
Uskayaw
Vehumet
Xom
Yredelemnul
Zin
The Shining One
Jiyva
Lugonu

Shops:
D (!}!=%:*:=!!(**[?


Innate Abilities, Weirdness & Mutations

You are too large for most types of armour.
You have tough skin. (AC +1)


Message History

* * * LOW HITPOINT WARNING * * *
The 12-headed hydra barely misses you. The 12-headed hydra closely misses you.
The 12-headed hydra bites you!
* * * LOW HITPOINT WARNING * * *
The 12-headed hydra bites you.
* * * LOW HITPOINT WARNING * * *
The floating eye seems to glare at you.
You puncture the 12-headed hydra!
The 12-headed hydra is severely wounded.
The 12-headed hydra bites you.
* * * LOW HITPOINT WARNING * * *
The 12-headed hydra completely misses you.
The 12-headed hydra bites you.
* * * LOW HITPOINT WARNING * * *
The 12-headed hydra barely misses you.
The 12-headed hydra bites you but does no damage.
The 12-headed hydra bites you!
* * * LOW HITPOINT WARNING * * *
The 12-headed hydra misses you. The 12-headed hydra bites you!
You die...

#####################
[.#).#§§.§§§.§§§@DG$#
..##'#.####§§§.§##§.+
..'..#.# ##.§§## ##
###..§§# #$###'#
§##§####..$#y#.#
.#....§#..$###..
§#.§^..§§.$$$##.#
§###§§.#.....# .##
.'§#§§§# #++## ##..


You could see a 12-headed hydra and a floating eye.

Vanquished Creatures
  A lorocyproca (D)
  2 centaur warriors (D)
  Sonja (D)
  2 unseen horrors (D)
  A deep troll (D)
  A lindwurm (D)
  An oklob plant (D)
  A gargoyle (D)
  2 kobold demonologists (D)
  4 demonic crawlers (D)
  A slime creature (D)
  A hornet (D)
  2 redbacks (D)
  Sigmund (D)
  A yak (D)
  13 hogs (D)
  2 floating eyes (D)
  An ogre (D)
  7 necrophages (D)
  8 jellies (D)
  Ijyb (D)
  3 ballistomycetes (D)
57 creatures vanquished.

Vanquished Creatures (others)
  A gargoyle (D)
  2 ballistomycete spores (D)
3 creatures vanquished.

Grand Total: 60 creatures vanquished

Notes
Turn   | Place    | Note
-------+----------+-------------------------------------------
     0 | D        | Mesmaeker13 the Ogre Hunter began the quest for the Orb.
     0 | D        | Reached XP level 1. HP: 22/22 MP: 1/1
     1 | D        | Noticed Ijyb
     6 | D        | Killed Ijyb
     6 | D        | Reached skill level 5 in Fighting
     6 | D        | Reached skill level 5 in Throwing
     6 | D        | Reached XP level 2. HP: 21/35 MP: 2/2
     6 | D        | Reached XP level 3. HP: 25/42 MP: 3/3
   249 | D        | Noticed an ogre
   254 | D        | Killed an ogre
   254 | D        | Reached skill level 7 in Fighting
   254 | D        | Reached skill level 5 in Dodging
   254 | D        | Reached XP level 4. HP: 55/55 MP: 4/4
   377 | D        | Noticed Sigmund
   390 | D        | Killed Sigmund
   390 | D        | Reached skill level 9 in Fighting
   390 | D        | Reached skill level 5 in Maces & Flails
   390 | D        | Reached XP level 5. HP: 35/67 MP: 5/5
   390 | D        | Reached XP level 6. HP: 40/76 MP: 6/6
   563 | D        | Found a deep blue altar of Sif Muna.
   565 | D        | Found a radiant altar of Vehumet.
   573 | D        | Found Acziwn's Distillery.
   573 | D        | Found an ancient bone altar of Kikubaaqudgha.
   573 | D        | Found a stormy altar of Qazlal.
   573 | D        | Found a blossoming altar of Fedhas.
   573 | D        | Found a bloodstained altar of Trog.
   573 | D        | Found an iron altar of Okawaru.
   573 | D        | Found a glowing golden altar of the Shining One.
   573 | D        | Found a glowing silver altar of Zin.
   573 | D        | Found a white marble altar of Elyvilon.
   573 | D        | Noticed a yak
   586 | D        | Killed a yak
   586 | D        | Reached skill level 11 in Fighting
   587 | D        | Found a hazy altar of Hepliaklqana.
   587 | D        | Found a hide-covered altar of Uskayaw.
   587 | D        | Found a basalt altar of Yredelemnul.
   587 | D        | Found an opulent altar of Gozag.
   587 | D        | Found a snail-covered altar of Cheibriados.
   587 | D        | Found a sacrificial altar of Ru.
   587 | D        | Found a shadowy altar of Dithmenos.
   603 | D        | Found a sparkling altar of Nemelex Xobeh.
   607 | D        | Bought a potion of might for 56 gold pieces
   607 | D        | Bought a potion of curing for 42 gold pieces
   608 | D        | Became a worshipper of Trog the Wrathful
   894 | D        | Found a burning altar of Makhleb.
   894 | D        | Found a viscous altar of Jiyva.
   894 | D        | Found a shimmering altar of Xom.
   894 | D        | Found a corrupted altar of Lugonu.
   894 | D        | Noticed a slime creature
   903 | D        | Killed a slime creature
   903 | D        | Reached XP level 7. HP: 39/89 MP: 7/7
  1103 | D        | Killed a gargoyle
  1115 | D        | Noticed a centaur warrior
  1116 | D        | Noticed a centaur warrior
  1136 | D        | Killed a centaur warrior
  1136 | D        | Reached skill level 13 in Fighting
  1136 | D        | Reached XP level 8. HP: 61/102 MP: 8/8
  1318 | D        | Killed a centaur warrior
  1318 | D        | Reached * piety under Trog
  1318 | D        | Reached skill level 14 in Fighting
  1318 | D        | Reached skill level 10 in Dodging
  1318 | D        | Reached XP level 9. HP: 84/114 MP: 9/9
  1418 | D        | Noticed a deep troll
  1423 | D        | Killed a deep troll
  1423 | D        | Reached skill level 15 in Fighting
  1571 | D        | Found Mesuoq's Armour Emporium.
  1576 | D        | Bought a +1 cloak of poison resistance for 135 gold pieces
  1611 | D        | Noticed a kobold demonologist
  1612 | D        | Noticed a kobold demonologist
  1616 | D        | Killed a kobold demonologist
  1617 | D        | Reached ** piety under Trog
  1629 | D        | Killed a kobold demonologist
  1629 | D        | Reached skill level 16 in Fighting
  1777 | D        | Noticed a demonic crawler
  1777 | D        | Noticed a demonic crawler
  1777 | D        | Noticed a demonic crawler
  1777 | D        | Noticed a demonic crawler
  1780 | D        | Killed a demonic crawler
  1780 | D        | Reached XP level 10. HP: 127/127 MP: 10/10
  1782 | D        | Reached *** piety under Trog
  1782 | D        | Reached skill level 15 in Maces & Flails
  1937 | D        | Reached **** piety under Trog
  1970 | D        | Noticed Sonja
  1972 | D        | Killed Sonja
  1972 | D        | Reached skill level 17 in Fighting
  2000 | D        | Found Yfooc's Antique Weapon Boutique.
  2222 | D        | Noticed a gargoyle
  2228 | D        | Killed a gargoyle
  2238 | D        | Noticed a lindwurm
  2245 | D        | Killed a lindwurm
  2357 | D        | Received a gift from Trog
  2363 | D        | Reached ***** piety under Trog
  2368 | D        | Reached skill level 18 in Fighting
  2371 | D        | Received a gift from Trog
  2381 | D        | Received a gift from Trog
  2381 | D        | Reached XP level 11. HP: 130/141 MP: 11/11
  2399 | D        | Received a gift from Trog
  2620 | D        | Noticed an oklob plant
  2624 | D        | Killed an oklob plant
  2668 | D        | Reached ****** piety under Trog
  2678 | D        | Received a gift from Trog
  2824 | D        | Received a gift from Trog
  2858 | D        | Killed an unseen horror
  2858 | D        | Reached skill level 19 in Fighting
  2864 | D        | Killed an unseen horror
  3103 | D        | Found Xioghali's Distillery.
  3113 | D        | Received a gift from Trog
  3114 | D        | Found Pyroytot's Gadget Shop.
  3116 | D        | Got a translucent giant spiked club {god gift}
  3117 | D        | Identified the +9 giant spiked club "Hellblazer" {freeze, *Corrode rElec Int+9 SInv} (Trog gifted it to you in the Dungeon)
  3120 | D        | Found Kien's Jewellery Boutique.
  3141 | D        | Found Pimadank's Food Emporium.
  3141 | D        | Found Mem Mima's Book Shop.
  3141 | D        | Found Daecifyxt's Assorted Antiques.
  3141 | D        | Found Obofieneh's Book Boutique.
  3141 | D        | Found Xame's Jewellery Emporium.
  3141 | D        | Found Jannyeshri's Distillery.
  3141 | D        | Found Zute's Distillery.
  3145 | D        | Found Anokhoas's Antique Weapon Boutique.
  3146 | D        | Found Ruimixkino's Assorted Antiques.
  3146 | D        | Found Rukhlika's Assorted Antiques.
  3147 | D        | Found Gajaolom's Magic Scroll Emporium.
  3150 | D        | Bought an uncursed amulet of regeneration for 360 gold pieces
  3152 | D        | Bought a potion of curing for 42 gold pieces
  3152 | D        | Bought a potion of curing for 42 gold pieces
  3153 | D        | Bought a potion of might for 44 gold pieces
  3157 | D        | Bought a scroll of enchant weapon for 75 gold pieces
  3157 | D        | Bought a scroll of acquirement for 520 gold pieces
  3187 | D        | Bought a beef jerky for 19 gold pieces
  3187 | D        | Bought a beef jerky for 19 gold pieces
  3188 | D        | Bought an uncursed ring of protection from fire for 350 gold pieces
  3253 | D        | Noticed a lorocyproca
  3259 | D        | Killed a lorocyproca
  3452 | D        | Bought a slice of pizza for 19 gold pieces
  3452 | D        | Bought a meat ration for 65 gold pieces
  3452 | D        | Bought a meat ration for 65 gold pieces
  3511 | D        | Noticed a 12-headed hydra
  3512 | D        | Paralysed by a floating eye for 2 turns
  3516 | D        | HP: 1/217 [12-headed hydra (17)]
  3516 | D        | Mangled by a 12-headed hydra

Skill      XL: |  1  2  3  4  5  6  7  8  9 10 11 |
---------------+----------------------------------+-----
Fighting       | 5 7 9 11 13 14 16 18 19 | 19.5
Throwing       | 5 6 8 |  8.5
Dodging        | 3 5 6 8 9 10 12 13 14 | 14.6
Maces & Flails | 5 9 11 13 14 17 18 | 18.6
Stealth        | |  0.6

Action                   |  1- 3 |  4- 6 |  7- 9 | 10-12 || total
-------------------------+-------+-------+-------+-------++-------
Melee: Giant club        |       |    31 |    30 |   108 ||   169
       Giant spiked club |       |       |       |    39 ||    39
Throw: Large rock        |     7 |       |     1 |     1 ||     9
       Throwing net      |     2 |     2 |     1 |       ||     5
Invok: Berserk           |       |       |     3 |     2 ||     5
       Trog's Hand       |       |       |       |     2 ||     2
  Use: Scroll            |       |       |       |     2 ||     2
  Eat: Chunk             |       |       |     4 |     2 ||     6
       Bread ration      |       |       |     1 |       ||     1
       Beef jerky        |       |       |       |     1 ||     1
Armor: Robe              |       |     5 |     8 |    22 ||    35
Dodge: Dodged            |     2 |    11 |    29 |    90 ||   132
